Map: Persephone LE

Players

LiquidMaNa (MaNa) - Winner!

  • Race: Protoss Protoss
  • League: Grandmaster
  • Spawn Location: 7:00

Geralt (Gerald)

  • Race: Protoss Protoss
  • League: Master
  • Spawn Location: 11:00

Event: FEL Cracov 2025

VOD

Have the link to the VOD?

Description

Time

  • Played on: July 27, 2025, 12:22 p.m.
  • Length: 9:56

All games in this series

Show
View Real Time Build Order
Export as new Build Order

LiquidMaNa Protoss - Winner!

Build Orders: Oracle Opening, Blink Stalkers 

Get SALT Encoding   

  12  0:00  Probe  
  13  0:12  Probe  
  14  0:16  Pylon  
  14  0:24  Probe  
  15  0:33  Probe  
  15  0:34  Gateway  
  15  0:41  Probe  
  16  0:46  Assimilator  
  17  0:51  Probe  
  18  0:59  Probe  
  19  1:04  Assimilator  
  19  1:05  Pylon  
  19  1:07  Probe  
  20  1:17  Probe  
  20  1:23  Cybernetics Core  
  21  1:26  Zealot  
  21  1:30  Probe  
  24  1:42  Probe  
  25  1:54  Probe  
  25  2:00  Stargate  
  26  2:03  Adept  
  26  2:07  Probe  
  29  2:11  Warp Gate  
  29  2:19  Probe  
  30  2:25  Pylon  
  30  2:34  Oracle  
  30  2:40  Probe  
  33  2:48  Nexus  
  33  2:53  Probe  
  33  2:55  Stalker  
  36  3:05  Oracle  
  36  3:07  Pylon  
  39  3:25  Probe  
  38  3:35  Twilight Council  
  38  3:37  Probe  
  39  3:47  Gateway  
  39  3:48  Gateway  
  39  3:49  Probe  
  39  3:53  Blink  
  40  4:01  Stalker, Probe  
  43  4:10  Probe  
  43  4:13  Probe  
  45  4:21  Probe  
  46  4:25  Probe  
  46  4:30  Probe, Gateway  
  47  4:37  Probe  
  47  4:38  Probe  
  49  4:41  Shield Battery  
  49  4:42  Stalker  
  52  4:47  Stalker  
  52  4:49  Probe  
  52  4:50  Stalker  
  57  4:54  Probe  
  58  5:02  Probe  
  58  5:06  Probe  
  58  5:07  Stalker, Pylon  
  62  5:26  Stalker x3  
  68  5:29  Nexus  
  68  5:32  Stalker  
  70  5:36  Pylon  
  70  5:48  Forge  
  70  5:50  Pylon  
  70  5:51  Pylon  
  70  5:54  Probe  
  71  6:02  Probe  
  72  6:06  Probe  
  69  6:13  Stalker x4  
  69  6:14  Probe  
  73  6:18  Probe  
  72  6:26  Probe  
  72  6:31  Probe  
  74  6:37  Stalker x3, Pylon  
  74  6:38  Stalker  
  74  6:39  Probe  
  83  6:41  Assimilator  
  83  6:42  Probe  
  83  6:43  Probe, Protoss Ground Weapons Level 1  
  83  6:45  Photon Cannon  
  85  6:53  Probe  
  86  6:54  Probe  
  86  6:58  Gateway  
  86  6:59  Gateway  
  86  7:00  Probe  
  84  7:13  Stalker x2  
  86  7:23  Probe  
  85  7:30  Stalker x2, Probe  
  85  7:34  Probe  
  85  7:35  Probe  
  88  7:43  Probe  
  85  7:52  Stalker x2  
  85  7:53  Stalker, Zealot x2  
  85  7:56  Charge  
  91  8:00  Stalker  
  91  8:04  Nexus  
  93  8:06  Gateway, Photon Cannon  
  93  8:07  Gateway  
  93  8:09  Gateway  
  93  8:12  Probe  
  94  8:16  Zealot x5  
  104  8:20  Probe  
  104  8:21  Photon Cannon  
  104  8:25  Pylon  
  104  8:26  Stalker  
  107  8:31  Pylon  
  107  8:36  Stalker x2  
  111  8:44  Stalker, Pylon  
  113  8:50  Pylon  
  109  9:04  Zealot x8  
  125  9:12  Shield Battery  
  115  9:25  Zealot x5  
  115  9:26  Zealot x4  
  115  9:28  Probe  
  124  9:39  Probe x2  
  124  9:40  Probe  
  124  9:41  Probe  
  128  9:48  Zealot x6  
Show
View Real Time Build Order
Export as new Build Order

Geralt Protoss 

Build Orders:  

Get SALT Encoding   

  12  0:00  Probe  
  13  0:12  Probe  
  14  0:17  Pylon  
  14  0:23  Probe  
  15  0:31  Probe  
  16  0:36  Gateway  
  16  0:39  Probe  
  16  0:45  Assimilator  
  17  0:50  Probe  
  17  0:54  Assimilator  
  18  0:59  Probe  
  19  1:07  Probe, Gateway  
  19  1:17  Probe  
  21  1:26  Cybernetics Core  
  21  1:29  Probe  
  22  1:37  Pylon  
  22  1:43  Probe  
  23  1:55  Probe  
  23  1:59  Pylon  
  24  2:02  Stalker  
  24  2:06  Sentry  
  24  2:07  Probe  
  29  2:11  Warp Gate  
  29  2:15  Pylon  
  29  2:22  Shield Battery  
  29  2:25  Pylon  
  29  2:27  Probe  
  30  2:36  Pylon  
  30  2:39  Probe  
  30  2:46  Nexus  
  30  2:49  Sentry  
  32  2:51  Sentry  
  34  2:59  Shield Battery  
  34  3:00  Probe  
  35  3:12  Shield Battery  
  35  3:13  Probe  
  36  3:25  Probe  
  36  3:29  Twilight Council  
  36  3:36  Pylon  
  36  3:37  Probe  
  37  3:49  Probe  
  38  3:59  Probe  
  38  4:00  Stalker x2  
  43  4:07  Blink  
  43  4:08  Probe x2  
  41  4:16  Probe  
  42  4:20  Probe  
  41  4:27  Probe  
  41  4:29  Stalker x2  
  46  4:32  Probe  
  47  4:39  Probe  
  47  4:40  Probe  
  49  4:48  Probe  
  49  4:52  Probe  
  51  4:59  Probe  
  51  5:00  Nexus  
  51  5:04  Probe  
  53  5:07  Stalker x2  
  53  5:12  Gateway  
  57  5:16  Pylon  
  57  5:17  Probe  
  57  5:19  Probe  
  59  5:29  Probe  
  59  5:32  Stalker  
  62  5:35  Shield Battery  
  62  5:37  Probe  
  62  5:40  Stalker  
  65  5:44  Probe  
  65  5:48  Forge  
  66  5:50  Pylon, Probe  
  66  5:56  Probe  
  68  5:59  Stalker  
  68  6:04  Probe  
  69  6:08  Probe  
  61  6:13  Stalker x2  
  61  6:16  Probe  
  64  6:20  Probe  
  64  6:24  Stalker, Probe  
  68  6:28  Probe  
  68  6:29  Protoss Ground Weapons Level 1  
  68  6:32  Probe  
  70  6:36  Stalker, Probe  
  70  6:37  Stalker  
  70  6:38  Probe  
  70  6:39  Shield Battery  
  75  6:44  Probe  
  77  6:47  Charge  
  77  6:48  Probe x2  
  77  6:51  Gateway  
  77  6:53  Gateway  
  77  6:54  Stalker  
  81  6:56  Probe  
  81  6:59  Probe  
  73  7:09  Stalker x2  
  74  7:16  Probe  
  74  7:19  Stalker  
  74  7:21  Probe  
  75  7:27  Probe  
  75  7:28  Probe  
  71  7:32  Stalker  
  71  7:33  Probe  
  71  7:34  Zealot  
  72  7:39  Probe  
  72  7:40  Probe  
  67  7:45  Probe  
  67  7:46  Stalker x2  
  67  7:47  Gateway x2  
  66  7:53  Probe  
  66  7:55  Stalker  
  66  7:58  Assimilator  
  70  7:59  Zealot  
  70  8:00  Zealot  
  73  8:11  Gateway  
  73  8:13  Gateway  
  73  8:15  Zealot  
  73  8:16  Gateway  
  73  8:17  Pylon  
  73  8:18  Nexus  
  73  8:19  Pylon  
  75  8:22  Zealot  
  77  8:31  Gateway  
  77  8:33  Pylon  
  77  8:39  Zealot x2  
  81  8:41  Zealot  
  81  8:46  Zealot x2  
  81  8:47  Pylon  
  87  8:48  Probe  
  87  8:49  Probe x2  
  90  8:55  Zealot x2  
  90  9:00  Probe  
  90  9:01  Probe  
  94  9:06  Gateway  
  95  9:11  Zealot x2  
  95  9:12  Zealot x2  
  98  9:17  Zealot x2  
  98  9:21  Zealot  
  90  9:27  Zealot x2  
  78  9:33  Zealot x2  
  78  9:38  Zealot x2  
  82  9:41  Zealot  
  82  9:45  Zealot  
  76  9:52  Zealot x2  
  74  9:53  Zealot  
Tags
 
Add a new tag
Caveats
  • Supply blocks, unpowered buildings, or Contaminate may cause inaccurate times.
  • Supply counts are checked every 10 seconds.